 Dungeon Crawl Stone Soup version 0.27.1-33-g824d729ab1 (webtiles) character file.

Game seed: 18194667028541015353

19933 raph the Arsonist (level 12, -3/59 HPs)
             Began as a Deep Elf Fire Elementalist on Dec 20, 2021.
             Was a Priest of Sif Muna.
             Engulfed by a cloud of freezing vapour (18 damage)
             ... in an ice cave.
             The game lasted 00:38:43 (20292 turns).

raph the Arsonist (Deep Elf Fire Elementalist)     Turns: 20292, Time: 00:38:44

Health: -3/59      AC: 19    Str:  5    XL:     12   Next: 40%
Magic:  20/35      EV: 11    Int: 26    God:    Sif Muna [***...]
Gold:   131        SH:  5    Dex: 15    Spells: 3/27 levels left

rFire    . . .     SeeInvis .   a - +1 spear (spect)
rCold    . . .     Faith    .   b - +0 buckler
rNeg     . . .     Spirit   .   t - +2 acid dragon scales
rPois    +         Reflect  .   B - +1 helmet
rElec    .         Harm     .   J - +2 cloak {Will+}
rCorr    +         Rampage  .   f - +1 pair of gloves
Will     ++...                  c - +1 pair of boots
Stlth    ++........             (no amulet)
HPRegen  0.19/turn              d - ring of magical power
MPRegen  0.24/turn              j - ring of poison resistance

@: no status effects
A: no striking features
a: Renounce Religion, Channel Magic, Forget Spell


You were in an ice cave.
You worshipped Sif Muna.
Sif Muna was most pleased with you.
You visited 2 branches of the dungeon, and saw 13 of its levels.
You also visited: Ice Cave.

You collected 674 gold pieces.
You spent 543 gold pieces at shops.

Inventory:

Hand Weapons
 a - a +1 spectral spear (weapon)
Armour
 b - a +0 buckler (worn)
 c - a +1 pair of boots (worn)
 f - a +1 pair of gloves (worn)
 t - +2 acid dragon scales (worn)
 B - a +1 helmet (worn)
 J - a +2 cloak of willpower (worn)
Magical Staves
 E - a staff of earth
Jewellery
 d - a ring of magical power (left hand)
 j - a ring of poison resistance (right hand)
 u - a ring of see invisible
 w - a ring of flight
Wands
 g - a wand of iceblast (48)
 l - a wand of digging (2)
 m - a wand of flame (47)
 q - a wand of acid (10)
 y - a wand of charming (29)
 I - a wand of polymorph (12)
Scrolls
 s - 6 scrolls of teleportation
 z - 3 scrolls of holy word
 A - 3 scrolls of fear
 F - 3 scrolls of enchant weapon
 G - a scroll of amnesia
 H - a scroll of brand weapon
 L - 2 scrolls of identify
Potions
 h - 4 potions of haste
 i - 3 potions of attraction
 n - a potion of flight
 o - a potion of cancellation
 p - a potion of berserk rage
 r - 4 potions of might
 v - 2 potions of brilliance
 x - 2 potions of curing
 C - a potion of invisibility
 D - a potion of ambrosia
 K - a potion of mutation
Miscellaneous
 M - a phantom mirror (inert)


   Skills:
 + Level 5.2 Armour
 - Level 2.4 Dodging
 - Level 2.4 Stealth
 - Level 4.0 Shields
 - Level 8.3 Spellcasting
 + Level 11.0 Conjurations
 * Level 2.8 Translocations
 + Level 11.4 Fire Magic
 - Level 3.6 Air Magic
 + Level 5.0 Earth Magic
 * Level 10.0 Invocations


You had 3 spell levels left.
You knew the following spells:

 Your Spells              Type           Power      Damage    Failure   Level
a - Foxfire               Conj/Fire      100%       2x1d9     1%          1
b - Conjure Flame         Conj/Fire      62%        6-21      1%          3
c - Sticky Flame          Conj/Fire      62%        2d8       1%          4
d - Fireball              Conj/Fire      31%        3d13      3%          5
e - Stone Arrow           Conj/Erth      100%       3d13      1%          3
f - Passwall              Tmut/Erth      19%        N/A       6%          2
g - Swiftness             Air            29%        N/A       7%          3
h - Gell's Gravitas       Tloc           12%        N/A       11%         3

Your spell library contained the following spells:

 Spells                   Type           Power      Damage    Failure   Level
 Static Discharge         Conj/Air       49%        N/A       1%          2
 Inner Flame              Hex/Fire       40%        N/A       3%          3
 Freeze                   Ice            40%        1d6       11%         1
 Teleport Other           Tloc           25%        N/A       11%         3
 Slow                     Hex            10%        N/A       17%         2
 Confusing Touch          Hex            10%        N/A       32%         3
 Frozen Ramparts          Ice            20%        1d4       32%         3
 Bolt of Magma            Conj/Fire/Erth 27%        4d13      7%          5
 Hailstorm                Conj/Ice       39%        3d9       11%         4
 Lightning Bolt           Conj/Air       24%        1d40      14%         5
 Animate Armour           Summ/Erth      46%        N/A       36%         4
 Yara's Violent Unravell  Hex/Tmut       5%         3d4       97%         5
 Dispersal                Tloc           12%        N/A       99%         6
 Invisibility             Hex            5%         N/A       100%        6
 Lehudib's Crystal Spear  Conj/Erth      25%        10d7      100%        8
 Maxwell's Capacitive Co  Air            14%        ∞         100%        8
 Shatter                  Erth           18%        3d17*     100%        9


Dungeon Overview and Level Annotations

Branches:
Dungeon (10/15)            Temple (0/1) D:5            Lair (3/6) D:9
    Orc (0/2) D:9           IceCv (1/1)
  Swamp: Lair:2-4    Shoals: Lair:2-4     Snake: Lair:2-4    Spider: Lair:2-4

Altars:
Cheibriados
Elyvilon
Fedhas
Gozag
Hepliaklqana
Kikubaaqudgha
Qazlal
Ru
Sif Muna
Trog
Uskayaw
Vehumet
Jiyva

Shops:
D:6 ?   D:7 [   D:9 *

Annotations:
D:3 3 runed translucent doors, Jazqba's ghost, amateur HOFE; Jazqba's ghost, weakling HOGl; madmanarnold's ghost, amateur FoFi
D:9 trucs mais fire giant, exclusion: door, Gastronok
Lair:1 3 runed translucent doors, Jazqba's ghost, journeyman HOGl
Lair:2 3 runed translucent doors, madmanarnold's ghost, journeyman FoFi


Message History

You hear a sizzling sound!
You start resting.
Magic restored.
An ice statue comes into view.
Marking area around an ice statue as unsafe for travelling.
Casting: Fireball (dangerous; 3% risk of failure)
Confirm with . or Enter, or press ? or * to list all spells.
Aiming: Fireball (dangerous; 3% risk of failure)
Press: ? - help, Shift-Dir - straight line, f - ice statue
Aim: an ice statue The fireball explodes!
The fireball engulfs the ice statue!!!
The ice statue melts!
The ice statue is heavily damaged.
The ice statue gestures at you. The freezing blast engulfs you!!
Ouch! That really hurt!
Casting: Fireball (dangerous; 3% risk of failure)
Confirm with . or Enter, or press ? or * to list all spells.
Aiming: Fireball (dangerous; 3% risk of failure)
Press: ? - help, Shift-Dir - straight line, f/p - ice statue
Aim: an ice statue (heavily damaged)
The fireball explodes!
The fireball engulfs the ice statue!!
The ice statue melts!
The ice statue is severely damaged.
You are engulfed in freezing vapours.
Casting: Fireball (dangerous; 3% risk of failure)
Confirm with . or Enter, or press ? or * to list all spells.
Aiming: Fireball (dangerous; 3% risk of failure)
Press: ? - help, Shift-Dir - straight line, f/p - ice statue
Aim: an ice statue (severely damaged)
The fireball explodes!
The fireball engulfs the ice statue!!
The ice statue melts!
You destroy the ice statue!
Sif Muna accepts your kill.
You are engulfed in freezing vapours.
* * * LOW HITPOINT WARNING * * *
Your Earth Magic skill increases to level 5!
You're standing in a cloud of freezing vapour!
You feel much better.
You are engulfed in freezing vapours.
You die...

.....#
......
.....
....# #...
#○☼## #○○#
#°@##
##○○# #○°#
#..##
##..# #..#
###
##.####.##
#..##...#
#.....∩∩#


There were no monsters in sight!

Vanquished Creatures
  A quicksilver ooze (IceCv)
  Erolcha (D:9)
  A boulder beetle (Lair:2)
  A catoblepas (Lair:2)
  A death yak (D:9)
  A tengu warrior (D:9)
  An ugly thing (D:9)
  3 black mambas
  Maurice (D:8)
  An ice statue (IceCv)
  4 cane toads
  Maggie (D:6)
  2 komodo dragons
  An entropy weaver simulacrum (IceCv)
  A rime drake (Lair:3)
  A meliai (D:10)
  A slime creature (D:9)
  A hornet (D:8)
  3 blink frogs (Lair:1)
  25 yaks
  A wraith (D:10)
  2 steam dragons
  A demonic crawler simulacrum (IceCv)
  8 water moccasins
  Duvessa (D:6)
  A black bear (D:7)
  An ice beast (D:5)
  A necrophage (D:5)
  2 orc warriors
  An ugly thing simulacrum (IceCv)
  6 wolves (Lair:1)
  5 ogres
  5 centaurs
  A kobold brigand (D:9)
  9 bullfrogs
  2 gnoll sergeants (D:9)
  A glowing shapeshifter simulacrum (IceCv)
  Dowan (D:6)
  31 killer bees
  A water moccasin skeleton (D:4)
  5 howler monkeys
  4 jellies
  An orc priest (D:9)
  3 centaur skeletons (D:7)
  A hound (D:6)
  An iguana (D:6)
  9 orc wizards
  A killer bee zombie (D:8)
  A hound skeleton (D:4)
  7 adders
  7 gnolls (D:9)
  A shadow imp (D:7)
  A white imp (D:5)
  An ufetubus (D:5)
  A worm (D:3)
  A dart slug (D:3)
  26 orcs
  4 endoplasms
  3 giant cockroaches
  4 goblins
  7 hobgoblins
  2 jackals (D:2)
  9 kobolds
  6 quokkas
  8 ball pythons
  4 bats
  2 frilled lizards (D:1)
  5 rats
258 creatures vanquished.

Vanquished Creatures (collateral kills)
  A foxfire (Lair:1)
1 creature vanquished.

Vanquished Creatures (others)
  A quokka (D:7)
  478 foxfires
  19 fungi
  37 plants
  5 withered plants
540 creatures vanquished.

Grand Total: 799 creatures vanquished

Notes
Turn   | Place    | Note
-------+----------+-------------------------------------------
     0 | D:1      | raph the Deep Elf Fire Elementalist began the quest for the
                  | Orb.
     0 | D:1      | Reached XP level 1. HP: 10/10 MP: 6/6
   256 | D:1      | Reached XP level 2. HP: 15/15 MP: 8/8
   287 | D:1      | Found a faded altar of an unknown god.
   795 | D:2      | Reached XP level 3. HP: 6/19 MP: 9/9
  1440 | D:2      | Reached XP level 4. HP: 24/24 MP: 10/10
  1769 | D:2      | Learned a level 3 spell: Conjure Flame
  1774 | D:2      | Learned a level 4 spell: Sticky Flame
  2002 | D:3      | Found a runed translucent gate.
  2086 | D:3      | Found a runed translucent gate.
  2087 | D:3      | Found a runed translucent gate.
  2088 | D:3      | Noticed Jazqba's ghost (amateur HOFE)
  2089 | D:3      | Noticed madmanarnold's ghost (amateur FoFi)
  2089 | D:3      | Noticed Jazqba's ghost (weakling HOGl)
  2518 | D:3      | Reached skill level 5 in Fire Magic
  2558 | D:3      | Reached XP level 5. HP: 28/28 MP: 11/11
  2726 | D:3      | Found a snail-covered altar of Cheibriados.
  3327 | D:4      | Found a hazy altar of Hepliaklqana.
  3328 | D:4      | Found a sacrificial altar of Ru.
  3328 | D:4      | Found a bloodstained altar of Trog.
  3381 | D:4      | Noticed an ogre
  3405 | D:4      | Killed an ogre
  3406 | D:4      | Reached skill level 1 in Shields
  3406 | D:4      | Reached XP level 6. HP: 22/32 MP: 12/12
  3605 | D:4      | Found a shimmering blue altar of Sif Muna.
  3613 | D:4      | Became a worshipper of Sif Muna the Loreminder
  4107 | D:5      | Entered Level 5 of the Dungeon
  4109 | D:5      | Noticed an ice beast
  4117 | D:5      | Killed an ice beast
  4118 | D:5      | Reached skill level 5 in Conjurations
  4185 | D:5      | Reached XP level 7. HP: 36/36 MP: 13/13
  4372 | D:5      | Found a staircase to the Ecumenical Temple.
  4628 | D:5      | Noticed a yak
  4629 | D:5      | Noticed a yak
  4633 | D:5      | Noticed a yak
  4634 | D:5      | Noticed a yak
  4635 | D:5      | Noticed a yak
  4637 | D:5      | Noticed a yak
  4649 | D:4      | Killed a yak
  4659 | D:4      | Killed a yak
  4759 | D:5      | Killed a yak
  4760 | D:5      | Reached XP level 8. HP: 41/41 MP: 16/16
  4779 | D:5      | Reached skill level 5 in Spellcasting
  5124 | D:5      | Found an ancient bone altar of Kikubaaqudgha.
  5124 | D:5      | Found a stormy altar of Qazlal.
  5419 | D:6      | Learned a level 5 spell: Fireball
  5423 | D:6      | Learned a level 3 spell: Stone Arrow
  5426 | D:6      | Learned a level 2 spell: Passwall
  5464 | D:6      | Found a blossoming altar of Fedhas.
  5681 | D:6      | Noticed Maggie
  5693 | D:6      | Killed Maggie
  5694 | D:6      | Reached XP level 9. HP: 21/45 MP: 1/19
  5901 | D:6      | Found a radiant altar of Vehumet.
  6011 | D:6      | Noticed Duvessa
  6011 | D:6      | Noticed Dowan
  6016 | D:6      | Killed Duvessa
  6108 | D:6      | Killed Dowan
  6215 | D:6      | Found Qubroeqo's Magic Scroll Shop.
  6218 | D:6      | Bought a scroll of identify for 28 gold pieces
  6218 | D:6      | Bought a scroll of identify for 28 gold pieces
  6218 | D:6      | Bought a scroll of identify for 28 gold pieces
  6218 | D:6      | Bought a scroll of teleportation for 42 gold pieces
  6218 | D:6      | Bought a scroll of holy word for 105 gold pieces
  6229 | D:6      | Reached * piety under Sif Muna
  6533 | D:7      | Found a hide-covered altar of Uskayaw.
  6732 | D:7      | Noticed a two-headed ogre
  6736 | D:7      | Reached skill level 1 in Invocations
  7116 | D:7      | Reached skill level 1 in Armour
  7191 | D:7      | Found Dohys's Armour Emporium.
  7198 | D:7      | Bought a +0 helmet for 45 gold pieces
  7476 | D:7      | Found a white marble altar of Elyvilon.
  8134 | D:8      | Found an opulent altar of Gozag.
  8462 | D:8      | Noticed Maurice
  8470 | D:8      | Killed Maurice
  8471 | D:8      | Reached XP level 10. HP: 50/50 MP: 10/22
  8666 | D:9      | Found a staircase to the Orcish Mines.
  8750 | D:9      | Noticed Erolcha
  8753 | D:9      | Killed Erolcha
  9052 | D:9      | Noticed a tengu warrior
  9065 | D:9      | Killed a tengu warrior
  9066 | D:9      | Reached skill level 10 in Fire Magic
  9066 | D:9      | Reached skill level 5 in Invocations
  9383 | D:9      | Noticed a green ugly thing
  9719 | D:9      | Killed a green ugly thing
  9779 | D:9      | Reached ** piety under Sif Muna
  9938 | D:9      | Noticed a fire giant
 10137 | D:10     | Entered Level 10 of the Dungeon
 10353 | D:10     | Noticed a boulder beetle
 10356 | D:10     | Noticed a red ugly thing
 10872 | D:9      | Learned a level 3 spell: Swiftness
 10921 | D:9      | Noticed a death yak
 10922 | D:9      | Noticed a death yak
 10922 | D:9      | Noticed a death yak
 10923 | D:9      | Noticed a death yak
 10923 | D:9      | Noticed a death yak
 10924 | D:9      | Noticed Gastronok
 11304 | D:9      | Found Odess's Assorted Antiques.
 11316 | D:9      | Killed a death yak
 11317 | D:9      | Reached XP level 11. HP: 33/54 MP: 12/25
 11458 | D:9      | Bought a scroll of teleportation for 81 gold pieces
 11458 | D:9      | Bought a scroll of identify for 54 gold pieces
 11458 | D:9      | Bought a scroll of identify for 54 gold pieces
 11458 | D:9      | Bought a scroll labelled TARPHE ZOCU for 27 gold pieces
 11458 | D:9      | Bought a scroll labelled VIMASH USMOUQ for 27 gold pieces
 11466 | D:9      | Bought a black potion for 24 gold pieces
 11498 | D:9      | Found a staircase to the Lair.
 11506 | D:9      | Reached skill level 10 in Conjurations
 11533 | Lair:1   | Entered Level 1 of the Lair of Beasts
 11549 | Lair:1   | Found a snail-covered altar of Cheibriados.
 11584 | Lair:1   | Reached skill level 1 in Air Magic
 11584 | Lair:1   | Reached skill level 1 in Earth Magic
 12656 | Lair:1   | Found a runed translucent gate.
 12656 | Lair:1   | Found a runed translucent gate.
 12658 | Lair:1   | Found a runed translucent gate.
 12659 | Lair:1   | Noticed a 12-headed hydra
 12659 | Lair:1   | Noticed Jazqba's ghost (journeyman HOGl)
 12660 | Lair:1   | Noticed a ten-headed hydra
 13800 | Lair:2   | Noticed a boulder beetle
 14124 | Lair:2   | Killed a boulder beetle
 14247 | Lair:1   | Reached *** piety under Sif Muna
 15168 | Lair:2   | Noticed a catoblepas
 15374 | Lair:2   | Killed a catoblepas
 15467 | Lair:2   | Reached XP level 12. HP: 59/59 MP: 22/26
 19539 | Lair:2   | Found a runed translucent gate.
 19539 | Lair:2   | Found a runed translucent gate.
 19539 | Lair:2   | Found a runed translucent gate.
 19541 | Lair:2   | Found a viscous altar of Jiyva.
 19543 | Lair:2   | Noticed madmanarnold's ghost (journeyman FoFi)
 19918 | Lair:3   | Learned a level 3 spell: Gell's Gravitas
 19943 | Lair:3   | Reached skill level 5 in Armour
 19943 | Lair:3   | Reached skill level 1 in Translocations
 20100 | Lair:3   | Found a frozen archway.
 20109 | IceCv    | Entered an ice cave
 20118 | IceCv    | Noticed a quicksilver ooze
 20121 | IceCv    | Killed a quicksilver ooze
 20122 | IceCv    | Reached skill level 10 in Invocations
 20291 | IceCv    | HP: 2/59 [something (20)]
 20292 | IceCv    | Reached skill level 5 in Earth Magic
 20292 | IceCv    | Engulfed by a cloud of freezing vapour

Illustrated notes

Levels and vault maps discovered:
D:1:      dpeg_arrival_leaves_temple_mockup, layout_rooms,
          shapermc_ecumenical_altar_flowoftime
D:2:      layout_loops_ring, hex_medium, lightli_corner_chamber
D:3:      layout_basic, marbit_many_paths, gammafunk_ghost_cemetery
D:4:      layout_loops_cross, chequers_temple_overflow_statue_of_worship,
          lemuel_crystal_altar, minivault_19,
          hangedman_abyss_or_decor_jellyfish_corner
D:5:      layout_basic, gammafunk_temple_overflow_wave,
          minmay_temple_entry_wispy
D:6:      layout_basic, mainiacjoe_overflow_24_doors,
          mainiacjoe_overflow_alcove_1, serial_shops, shop, uniq_duvessa,
          uniq_maggie
D:7:      layout_cave_pools, eat_drink_and_be_merry_uskayaw, elyvilon_altar_4,
          serial_shops, nicolae_stop_n_shop_2, hangedman_abyss_or_decor_slice,
          grunt_ministairs_1, minmay_misc_feat_plants
D:8:      layout_basic, general_overflow_altar, uniq_maurice
D:9:      wad_statue_garden, layout_rooms, dpeg_lair_monsters, serial_shops,
          shop, uniq_erolcha, uniq_gastronok
D:10:     cheibrodos_two_vegetables, layout_rooms, tso_metal_star, kb_rosetta
Lair:1:   layout_small_grid, gammafunk_ghost_hydra_chop, basic_altar,
          grunt_megastairs_3, lemuel_fruit_tree
Lair:2:   wad_woods_minihive, layout_regular_city, gammafunk_ghost_ooze
Lair:3:   layout_regular_city, nicolae_spider_entry_non_spiders,
          portal_ice_cave_entry_pillars_1, lemuel_oklob_altar
IceCv:    ice_cave_hellmonk_azure_passage

Skill      XL: |  1  2  3  4  5  6  7  8  9 10 11 12 |
---------------+-------------------------------------+-----
Conjurations   | 2 3 4 5 6 7 9 10 11 | 11.0
Fire Magic     | 4 5 6 7 8 9 10 11 | 11.4
Shields        | 1 2 3 4 |  4.0
Spellcasting   | 4 5 6 8 |  8.3
Invocations    | 3 7 9 10 | 10.0
Armour         | 2 3 4 5 |  5.2
Air Magic      | 3 |  3.6
Earth Magic    | 4 5 |  5.0
Translocations | 2 |  2.8
Dodging        | |  2.4
Stealth        | |  2.4

Action                   |  1- 3 |  4- 6 |  7- 9 | 10-12 || total
-------------------------+-------+-------+-------+-------++-------
Melee: Spear             |    10 |     9 |    17 |    21 ||    57
 Cast: Foxfire           |    56 |    92 |    94 |    50 ||   292
       Sticky Flame      |       |       |    17 |    50 ||    67
       Fireball          |       |       |    25 |   152 ||   177
       Stone Arrow       |       |       |     8 |    11 ||    19
       Conjure Flame     |       |       |     1 |     1 ||     2
       Swiftness         |       |       |       |     1 ||     1
       Passwall          |       |       |       |     1 ||     1
Invok: Channel Magic     |       |       |       |     4 ||     4
Evoke: Wand              |       |       |       |     2 ||     2
       Phantom mirror    |       |       |       |     1 ||     1
  Use: Scroll            |     2 |     7 |     6 |    12 ||    27
       Potion            |     1 |       |       |     2 ||     3
 Stab: Sleeping          |       |     1 |       |       ||     1
Armor: Robe              |     5 |     5 |     6 |       ||    16
       Acid dragon scale |       |       |    18 |    51 ||    69
Dodge: Dodged            |    10 |    11 |    33 |    46 ||   100
Block: Buckler           |       |     3 |    13 |    22 ||    38
